Cogmind - Beta 15 @@@ ROGUE MODE // 2025.08.30 @ 20:09:53 Player: umbrella Result: Destroyed by G-34 Mercenary with Small Laser Performance ------------- Evolutions (1) 500 Regions Visited (2) 400 Robots Destroyed (26) 130 Value Destroyed (632) 632 Prototype IDs (3) 60 Alien Tech Used (0) 0 Bonus (0) 0 TOTAL SCORE: 1722 Bonus ------- None Cogmind --------- Core Integrity 0/400 Matter 172/300 Energy 25/100 System Corruption 2% Temperature Cool (6) Movement Rolling (130) Ox2 Location -9/Materials Parts ------- > --- POWER (2) -------- (None) > --- PROPULSION (2) --- Compact Wheel Compact Wheel > --- UTILITY (2) ------ Huge Storage Unit Core Shielding > --- WEAPON (3) ------- Faulty Advanced Beam Cannon Mini Grenade Launcher > --- INVENTORY (25) --- Heat Sink Large Storage Unit Small Matter Pod (50) Large Matter Pod (150) Core Shielding Power Shielding Tractor Beam Mining Laser Peak State ------------ > --- POWER ------------ (None) > --- PROPULSION ------- Compact Wheel Compact Wheel > --- UTILITY ---------- Huge Storage Unit Core Shielding > --- WEAPON ----------- Mini Grenade Launcher Datajack Mining Laser > --- INVENTORY -------- Heat Sink Large Storage Unit Small Matter Pod Large Matter Pod Core Shielding Power Shielding Tractor Beam Advanced Beam Cannon [Rating: 9] Favorites ----------- Power Ion Engine Engine Ion Engine Propulsion Light Treads Treads Light Treads Wheel Compact Wheel Utility Huge Storage Unit Storage Huge Storage Unit Protection Core Shielding Weapon Mini Grenade Launcher Energy Gun EM Pulse Gun Energy Cannon Advanced Beam Cannon Launcher Mini Grenade Launcher Special Weapon Mining Laser Special Melee Weapon Datajack Build | -11 -10 -9 ------- Run | Yrd Mat Mat Slots Evolved 2 | . . 2 Power 1 | . . 1 Propulsion . | . . . Utility . | . . . Weapon 1 | . . 1 Parts Attached 18 | 4 3 11 Power 1 | 1 . . Engine 1 | 1 . . Core . | . . . Reactor . | . . . Propulsion 6 | 2 . 4 Treads 2 | 2 . . Leg . | . . . Wheel 4 | . . 4 Hover . | . . . Flight . | . . . Utility 4 | . 2 2 Device . | . . . Storage 1 | . 1 . Processor . | . . . Hackware . | . . . Protection 3 | . 1 2 Artifact . | . . . Weapon 7 | 1 1 5 Energy Gun 1 | 1 . . Energy Cannon 1 | . . 1 Ballistic Gun . | . . . Ballistic Cannon . | . . . Launcher 3 | . 1 2 Special Weapon 1 | . . 1 Impact Weapon . | . . . Slashing Weapon . | . . . Piercing Weapon . | . . . Special Melee Weapon 1 | . . 1 Unidentified Prototypes 1 | . . 1 Parts Lost 8 | . . 8 Power 1 | . . 1 Propulsion 2 | . . 2 Utility 1 | . . 1 Weapon 4 | . . 4 Highest Loss Streak 3 | . . 3 To Critical Strikes . | . . . Average Backups 7 | . 6 8 Power . | . . . Propulsion . | . . . Utility 6 | . 5 7 Weapon 1 | . . 1 Tool/Special . | . . . Unused Backups 12 | . . 12 Power . | . . . Propulsion . | . . . Utility 12 | . . 12 Weapon . | . . . Tool/Special . | . . . Average Slot Usage (%) 55 | . 88 45 Engine 5 | . 14 2 Treads 9 | . 28 3 Storage 10 | . 10 11 Protection 9 | . 10 9 Energy Gun 5 | . 14 2 Launcher 10 | . 10 11 Special Melee Weapon 3 | . . 4 Peak Build Rating 9 | 4 8 9 Average Rating 5 | 3 6 5 On Entrance 4 | . 4 8 Naked Turns . | . . . Heaviest Build 93 | 7 93 93 Greatest Support 40 | 40 40 40 Greatest Overweight (x) 29 | . 2 29 Average Overweight (x) 6 | . 1 12 Largest Inventory Capacity 25 | 5 25 25 Average Capacity 23 | 5 20 25 Most Carried 15 | 2 15 15 Average Carried 7 | . 6 8 Final Capacity 25 | 5 25 25 Final Carried 15 | . 15 8 Class Distribution -------------------- 100% | Mutant Dominant Class ---------------- Mutant | -10/Materials Mutant | -9/Materials Resources | -11 -10 -9 ----------- Run | Yrd Mat Mat Matter Collected 564 | 197 124 243 Remotely . | . . . Salvage Created 459 | . 127 332 Parts 35 | . 7 28 Haulers Intercepted . | . . . Recyclers Shooed . | . . . Parts Field Recycled . | . . . Retrieved Matter . | . . . Parts Self-Destructed . | . . . Prevented . | . . . Kills | -11 -10 -9 ------- Run | Yrd Mat Mat Combat Hostiles Destroyed 17 | . 3 14 Guns 2 | . . 2 AOE 15 | . 3 12 Classes Destroyed 8 | . 2 6 Worker 1 | . . 1 Builder 5 | . . 5 Operator 1 | . . 1 Watcher 2 | . 2 . Swarmer 4 | . . 4 Grunt 11 | . 3 8 Brawler 1 | . . 1 Sentry 1 | . . 1 Best Kill Streak 4 | . 2 4 Combat Bots Only 4 | . 2 4 Max Kills in Single Turn 3 | . 2 3 Gunslinging . | . . . Exploded 3 | . 2 3 Melee . | . . . Uniques/NPCs Destroyed . | . . . Combat | -11 -10 -9 -------- Run | Yrd Mat Mat Hostile Shots Fired 93 | . 8 85 Missed 22 | . 3 19 Hits 71 | . 5 66 Melee 2 | . . 2 Projectile 69 | . 5 64 Damage Taken 1254 | . 124 1130 Core 407 | . . 407 Absorbed by Shields . | . . . Redirected to Shielding 58 | . . 58 Core Remaining (%) 100 | 100 100 . Volleys Fired 36 | . 8 28 Largest 2 | . 2 2 Hottest 70 | . 70 70 Shots Fired 47 | . 14 33 Gun 18 | . 8 10 Cannon . | . . . Launcher 29 | . 6 23 Special . | . . . Kinetic . | . . . Thermal . | . . . Explosive 29 | . 6 23 Electromagnetic 18 | . 8 10 Robot Hit Streak 9 | . 3 9 Robot Miss Streak 2 | . 2 1 Penetration Max . | . . . Secondary Targets . | . . . Shots Hit Robots 41 | . 8 33 Core Hits 44 | . 6 38 Critical Kills . | . . . Critical Parts Destroyed . | . . . Critical Strikes . | . . . Melee Attacks 6 | . . 6 Impact . | . . . Slashing . | . . . Piercing . | . . . Sneak Attacks 4 | . . 4 Combat Hostiles . | . . . Follow-up Attacks . | . . . Damage Inflicted 2146 | . 528 1618 Guns 191 | . 72 119 Cannons . | . . . Explosions 1936 | . 437 1499 Melee . | . . . Ramming 19 | . 19 . Kinetic . | . . . Thermal 183 | . 110 73 Explosive 1753 | . 327 1426 Electromagnetic 191 | . 72 119 Impact . | . . . Slashing . | . . . Piercing . | . . . Highest Corruption 2 | . . 2 Average Corruption 2 | . . 2 Corruption Purged . | . . . Corruption Blocked . | . . . Effects 26 | . . 26 Message Errors 8 | . . 8 Matter Fused 8 | . . 8 Heat Flow Errors 4 | . . 4 Energy Discharges 2 | . . 2 Parts Fused 1 | . . 1 Data Loss (minor) 2 | . . 2 Data Loss (major) 1 | . . 1 Overload Shots . | . . . Overflow Damage 48 | . 3 45 Projectiles . | . . . Explosions 48 | . 3 45 Melee . | . . . Knockbacks . | . . . Impact . | . . . Kinetic . | . . . Secondary . | . . . Self-Inflicted Damage 373 | . 18 355 Shots 14 | . 1 13 Rammed 1 | . 1 . Targets Rammed 1 | . 1 . Kicked . | . . . Crushed . | . . . Highest Temperature 261 | . 48 261 Average Temperature 44 | . 19 55 Received Heat Transfer 372 | . 33 339 Siege Activations . | . . . Martial Activations . | . . . Shielding Activations . | . . . Robots Disrupted . | . . . Combat Hostiles . | . . . Robots Corrupted . | . . . Combat Hostiles . | . . . Parts Fried 1 | . . 1 Impact Corruptions . | . . . Robots Melted . | . . . Combat Hostiles . | . . . Parts Melted . | . . . Heat Transferred 150 | . 100 50 Parts Sabotaged . | . . . Parts Stolen . | . . . Parts Stripped . | . . . Power Chain Reactions 2 | . 1 1 Alert | -11 -10 -9 ------- Run | Yrd Mat Mat Maximum Alert Level 1 | . . 1 Low Security (%) 98 | 100 100 98 Level 1 1 | . . 1 Level 2 . | . . . Level 3 . | . . . Level 4 . | . . . Level 5 . | . . . High Security . | . . . Max Security . | . . . Peak Influence 214 | . 84 214 Initial . | . . . Average 36 | . 22 43 Influence Increases 676 | . 158 518 Destroy 0b10 Robot/C 340 | . 60 280 Destroy 0b10 Robot/NC 45 | . 10 35 Destroy Leader 74 | . 14 60 Successful Hack 6 | . 5 1 Disable Machine 75 | . 45 30 Destroy Structure 121 | . 24 97 Lose Combat Pursuer 15 | . . 15 Influence Decreases 638 | . 158 480 Time Decay 568 | . 158 410 Lost Part 70 | . . 70 Squads Dispatched 3 | . . 3 Investigation 1 | . . 1 Extermination . | . . . Reinforcement 2 | . . 2 Assault . | . . . Garrison . | . . . Intercept . | . . . Searches Triggered . | . . . Construction Impeded 1 | . . 1 Haulers Reinforced . | . . . Active Scanning Responses . | . . . Cargo Convoy Interrupts . | . . . Stealth | -11 -10 -9 --------- Run | Yrd Mat Mat Distress Signals . | . . . Communications Jammed . | . . . Distress Signals . | . . . Times Spotted 25 | . 7 18 Peak Tracking Total 4 | . 2 4 Tactical Retreats 1 | . . 1 Traps | -11 -10 -9 ------- Run | Yrd Mat Mat Traps Triggered 2 | . 1 1 Indirectly . | . . . Trap Hack Attempts . | . . . Triggered . | . . . Disarmed . | . . . Reprogrammed . | . . . Reused . | . . . Traps Extracted . | . . . Installed . | . . . Triggered . | . . . Machines | -11 -10 -9 ---------- Run | Yrd Mat Mat Machines Disabled 5 | . 3 2 Max in Single Turn 1 | . 1 1 Machines Repaired . | . . . Machines Dismantled . | . . . Machines Sabotaged . | . . . Overloaded Fab Kills . | . . . Hacking | -11 -10 -9 --------- Run | Yrd Mat Mat Machines Accessed 2 | . 1 1 Terminals 1 | . 1 . Fabricators . | . . . Repair Stations . | . . . Recycling Units 1 | . . 1 Scanalyzers . | . . . Garrison Access . | . . . Total Hacks 6 | . 1 5 Successful 5 | . 1 4 Failed 1 | . . 1 Catastrophic . | . . . Database Lockouts . | . . . Manual . | . . . Terminals 1 | . 1 . Fabricators . | . . . Repair Stations . | . . . Recycling Units 5 | . . 5 Scanalyzers . | . . . Garrison Access . | . . . Terminal Hacks 1 | . 1 . Prototype ID Bank 1 | . 1 . Fabricator Hacks . | . . . Repair Station Hacks . | . . . Recycling Unit Hacks 4 | . . 4 Recycle Component 2 | . . 2 Process 1 | . . 1 Retrieve Matter 1 | . . 1 Scanalyzer . | . . . Garrison Access Hacks . | . . . Unauthorized Hacks . | . . . Terminals . | . . . Fabricators . | . . . Repair Stations . | . . . Recycling Units . | . . . Scanalyzers . | . . . Garrison Access . | . . . Data Cores Recovered . | . . . Used . | . . . Hacking Detections 2 | . 1 1 Full Trace Events 1 | . . 1 Feedback Events . | . . . Feedback Blocked . | . . . Robot Schematics Acquired . | . . . Robots Built . | . . . Authchips . | . . . Time . | . . . Total Robot Build Rating . | . . . Part Schematics Acquired . | . . . Parts Built . | . . . Authchips . | . . . Time . | . . . Total Part Build Rating . | . . . Parts Repaired . | . . . Time . | . . . Parts Recycled 2 | . . 2 Recycled Matter 400 | . . 400 Retrieved Matter 400 | . . 400 Retrieved Components . | . . . Parts Scanalyzed . | . . . Part Schematics Acquired . | . . . Parts Damaged . | . . . Bothacking | -11 -10 -9 ------------ Run | Yrd Mat Mat Used RIF Installer . | . . . Robots Hacked 3 | . . 3 Non-combat 2 | . . 2 Combat 1 | . . 1 Robot Hacks Applied 3 | . . 3 parse_system 1 | . . 1 no_distress 2 | . . 2 Relay Couplers Released . | . . . Fabnet Peak Effective % . | . . . Robots Rewired . | . . . Allies Hacked . | . . . Hacks Repelled . | . . . Allies | -11 -10 -9 -------- Run | Yrd Mat Mat Total Allies . | . . . Largest Group . | . . . Highest-Rated Group . | . . . Highest-Rated Ally . | . . . Total Orders . | . . . Ally Attacks . | . . . Total Damage . | . . . Kills . | . . . Allies Corrupted . | . . . Allies Melted . | . . . Intel | -11 -10 -9 ------- Run | Yrd Mat Mat Active Infowar (turns) . | . . . Robot Analysis Total . | . . . Derelict Logs Recovered . | . . . Drone Launches . | . . . Drone Recoveries . | . . . Exploration | -11 -10 -9 ------------- Run | Yrd Mat Mat Turns Passed 3517 | 116 821 2580 Spaces Moved 721 | 81 304 336 Core 165 | 19 . 146 Treads 463 | 62 304 97 Legs . | . . . Wheels 93 | . . 93 Hover . | . . . Flight . | . . . Fastest Speed 50 | 50 160 130 Average Speed 467 | 134 255 740 Slowest Speed 1500 | 160 320 1500 Overloaded Moves . | . . . Propulsion Burnouts . | . . . Robots Hopped . | . . . Potential Cave-ins . | . . . Cave-ins Triggered . | . . . Exploration Rate (%) 16 | 4 32 12 Regions Visited 2 Branch Regions . Pre-discovered Areas . | . . . Known Exits Taken . | . . . Unknown Exits Taken 2 | 1 1 . Scrap Searched . | . . . Spaces Dug . | . . . Terrain Destroyed 128 | . 24 104 Melee . | . . . Projectile . | . . . AOE 128 | . 24 104 Terrain Rammed . | . . . Walls Destroyed . | . . . Machines Disabled . | . . . Actions | -11 -10 -9 --------- Run | Yrd Mat Mat Total 816 | 88 333 395 Wait . | . . . Move 719 | 80 303 336 Hop . | . . . Pick Up 31 | 4 18 9 Fast Attach . | . . . Attach 17 | 4 3 10 Detach . | . . . Swap 2 | . . 2 Drop 4 | . . 4 Fire 36 | . 8 28 Melee 6 | . . 6 Ram . | . . . Kick . | . . . Crush 1 | . 1 . Escape Stasis . | . . . Rewire . | . . . Trap . | . . . Miscellaneous . | . . . Route ------- -11/Scrapyard -10/Materials -9/Materials History --------- Turn | Location | Event 2 | -11/Scrapyard | Met Revision 17 6 | -11/Scrapyard | Discovered new exit (range 15) 117 | -11/Scrapyard | Entered Materials 308 | -10/Materials | Build established: Mutant 671 | -10/Materials | Discovered new exit (range 11) 938 | -10/Materials | Entered another Materials area 938 | -9/Materials | Evolved 2 slots: Power x1, Weapon x1 1479 | -9/Materials | Lost 3 parts (1p2w) 1480 | -9/Materials | Core integrity fell below 50% 2500 | -9/Materials | Core integrity fell below 20% 3518 | -9/Materials | Destroyed by G-34 Mercenary with Small Laser Last Messages --------------- 03005_ Acquired 7 matter. 03049_ System corrupted: Substantial component data lost. 03121_ System corrupted: Matter fused (-5). 03250_ WL114NEO7CZ0W3JIAW &MLBJXK3&8I 03285_ Acquired Com. Wheel. 03308_ System corrupted: Matter fused (-7). 03349_ System corrupted: Matter fused (-8). 03366_ System corrupted: Matter fused (-10). 03504_ C-30 ARC bursts open, deploying its payload. 03504_ G-47 Trooper unfolds itself. 03504_ G-34 Mercenary unfolds itself. 03511_ G-34 Mercenary destroyed. 03512_ U-05 Engineer lays Concrete. 03516_ Identified Adv. Beam Cannon. [Achievement: Risk Taker] 03516_ Faulty integration triggers energy drain (-10). 03517_ U-05 Engineer destroyed. Map ----- +----------------------------------------------------+ | ????????????????????????????????????????? | | ????????????????????????????????????????? | | ????????????????????????????????????????? | | ????????????????????????????????????????? | | ????????????????????????????????????????? | | ????????????????????????????????????????? | | #######?????????????????????????????????? | | ^ #?????????????????????????????????? | | "" #?????????????????????????????????? | | "" #?????????????????????????????????? | | ""^ #?????????????????????????????????? | | #?????????????????????????????????? | | "" #?????????????????????????????????? | | "" ############??##########??????????? | | "" ## """"" #??# #??????????? | | ## """"" #??# #??????????? | | ######## """"" #??# #??????????? | | ## #??# """ #??????????? | | ## #??# """ #??????????? | | ## #??# "" """ #??????????? | | ### ## #??# "Y% #??????????? | | ??#% ## #??# "" #??????????? | | ??# ######+## # ### ##?????????? | | ?## #### ####+#####?????????? | | ?## % g ##?????????? | | ?## =% @ #??????????? | | ?## %g #??????????? | | ######+### #########??????????? | | ###### #??????????????? | | """ ### # #??????????????? | | "T" ####### = #??????????????? | | #?????# == #??????????????? | | ##########?????###########??????????????? | | | | | | | | | | | | | | | | | | | | | | | | | | | | | | | | | | | +----------------------------------------------------+ Best States ------------- Heat Dissipation 28 Energy Generation 10 Energy Capacity 250 Matter Stores 300 Matter Capacity 300 Sight Range 16 Terrain Scan Density 10 Armor Coverage 150 Core Shielding 20 Evasion (%) 50 Recoil Reduction 2 Item Schematics ----------------- None Robot Schematics ------------------ None Fabricated ------------ Nothing Repaired ---------- Nothing Alien Tech Used ----------------- None Achievements -------------- Risk Taker Challenges ------------ None Game ------ Seed TitaniumInertialRifle Manual? 0 Play Time 00:12:49 Cumulative 1.5 hours Start 2025.08.30 @ 19:33:03 End 2025.08.30 @ 20:09:53 Sessions 1 Manual Loads 0 Difficulty Rogue Special Mode None Game No. 6 Rogue 6 Adventurer 0 Explorer 0 Win Type - Total 0 Types 0/0/0/0/0/0/0/0/0/0 Lore% 2 Gallery% 2 Achievement% 4 Wizard Run 0 Options --------- Layout 1 ASCII 0 Keyboard 0 Movement Arrows Keybinds 0 Fullscreen 1 Font 24/Terminus Map View 50x35 Zoom Use 0% Tactical HUD 1 Map Filters NONE Filters NONE Steam 1 RUN: 29d6d5e9-8d26-43b5-9364-b5f9c6aadcd1